 Dungeon Crawl Stone Soup version 0.21-a0-630-g344d351 (webtiles) character file.

40 slep the Slasher (level 3, 0/27 HPs)
             Began as a Demonspawn Gladiator on Dec 27, 2017.
             Slain by a gnoll
             ... wielding a +0 whip
              (4 damage)
             ... on level 1 of the Dungeon.
             The game lasted 00:04:02 (1088 turns).

slep the Slasher (Demonspawn Gladiator)             Turns: 1088, Time: 00:04:03

Health: 0/27       AC:  4    Str: 14    XL:     3   Next: 30%
Magic:  3/3        EV: 15    Int:  9    God:
Gold:   30         SH:  0    Dex: 15    Spells: 2/2 levels left

rFire    . . .     SeeInvis .   a - +0 long sword
rCold    . . .     Gourm    .   (no shield)
rNeg     . . .     Faith    .   b - +0 leather armour
rPois    .         Spirit   .   c - +0 helmet
rElec    .         Reflect  .   (no cloak)
rCorr    .         Harm     .   (no gloves)
MR       .....                  (no boots)
Stlth    +.........             (no amulet)
HPRegen  0.09/turn              (no ring)
MPRegen  0.08/turn              (no ring)

@: no status effects
A: repulsion field 1, rot immunity
a: no special abilities


You were on level 1 of the Dungeon.
You were not hungry.

You visited 1 branch of the dungeon, and saw 2 of its levels.

You collected 30 gold pieces.

Inventory:

Hand Weapons
 a - a +0 long sword (weapon)
Missiles
 d - 3 throwing nets (quivered)
Armour
 b - a +0 leather armour (worn)
 c - a +0 helmet (worn)
Scrolls
 g - a scroll of identify {unknown}
 h - a scroll of magic mapping {unknown}
 k - 2 scrolls of fear {unknown}
 l - a scroll of blinking {unknown}
 n - a scroll of teleportation {unknown}
Potions
 e - a potion of heal wounds {unknown}
 i - 2 potions of mutation {unknown}
 j - a potion of brilliance {unknown}
 o - a potion of experience {unknown}
Comestibles
 f - 3 rations
 m - a chunk of flesh


   Skills:
 + Level 2.3 Fighting
 + Level 3.4 Long Blades
 + Level 1.8 Throwing
 + Level 0.8 Armour
 + Level 2.9 Dodging


You had 2 spell levels left.
You didn't know any spells.

Dungeon Overview and Level Annotations

Branches:
Dungeon (2/15)

Altars:


Innate Abilities, Weirdness & Mutations

You are surrounded by a mild repulsion field. (EV +2)
You are immune to rotting.


Message History

3 gnolls come into view.
The gnoll hits you with a whip!
A hobgoblin comes into view. It is wielding a club.
There are monsters nearby!
The hobgoblin shouts!
Found a stone staircase leading up.
There is a stone staircase leading down here.
The gnoll barely misses you.
The gnoll hits you from afar with a spear.
Found a scroll labeled PUNEDA SEORIU.
There is a stone staircase leading up here.
The gnoll hits you with a whip!
* * * LOW HITPOINT WARNING * * *
The gnoll hits you from afar with a spear.
* * * LOW HITPOINT WARNING * * *
You climb upwards.
There is a stone staircase leading down here.
You closely miss the gnoll. The gnoll closely misses you.
The gnoll hits you with a whip.
You die...

###########
##########.........#
........##.........#
........##.........#
..........).....@..#
........##......g..#
........##.........#
........##.........#
........##.........#
#######
###.######.........#
#.....# ###.# #.........#
#.###.# .##.# ###########
#)# #.#
.##.####################.#
#.#


You could see a gnoll.

Vanquished Creatures
  A worm (D:2)
  A dart slug (D:2)
  3 leopard geckos
  5 bats
  A giant cockroach (D:2)
  A goblin (D:1)
  6 hobgoblins (D:1)
  2 jackals (D:1)
  3 frilled lizards (D:1)
  5 kobolds
  A rat (D:1)
29 creatures vanquished.

Notes
Turn   | Place    | Note
-------+----------+-------------------------------------------
     0 | D:1      | slep the Demonspawn Gladiator began the quest for the Orb.
     0 | D:1      | Reached XP level 1. HP: 16/16 MP: 1/1
   309 | D:1      | Reached skill level 3 in Long Blades
   319 | D:1      | Gained mutation: You are immune to rotting. [demonic ancestry]
   319 | D:1      | Reached XP level 2. HP: 3/22 MP: 2/2
   953 | D:2      | Gained mutation: You are surrounded by a mild repulsion field. (EV +2) [demonic ancestry]
   953 | D:2      | Reached XP level 3. HP: 17/27 MP: 3/3
  1070 | D:2      | Noticed a centaur
  1088 | D:1      | Slain by a gnoll

Vault maps used:
D:1:      minmay_arrival_nine_rooms
D:2:      first_ration, uniq_crazy_yiuf_cottage, uniq_jessica

Skill      XL: |  1 |
---------------+----+-----
Long Blades    | 3 |  3.4
Fighting       | |  2.3
Throwing       | |  1.8
Armour         | |  0.8
Dodging        | |  2.9

Action                   || total
-------------------------++-------
Melee: Long sword        ||    89
  Eat: Chunk             ||     1
Armor: Leather armour    ||    29
Dodge: Dodged            ||    69
       Rpst.: Long sword ||    16

Table legend:
 A = Spawn XP
 B = Non-spawn XP
 C = Spawn XP percentage of total XP
 D = Spawn monster count
 E = Non-spawn monster count
 F = Spawn count percentage of total count
 G = Total turns spent on level
                    A         B        C        D         E        F      G
               +---------+---------+-------+---------+---------+-------+---------
         Total |       0 |      58 |   0.0 |       0 |      29 |   0.0 |  1088
               +---------+---------+-------+---------+---------+-------+---------
           D:1 |       0 |      39 |   0.0 |       0 |      22 |   0.0 |   940
           D:2 |       0 |      19 |   0.0 |       0 |       7 |   0.0 |   148
               +---------+---------+-------+---------+---------+-------+---------
